 Dungeon Crawl Stone Soup version 0.13.1-2-gfb2c2b7 (webtiles) character file.

2100 Antunes the Sneak (level 9, -1/94 HPs)
             Began as a Human Assassin on Dec 4, 2013.
             Slain by Crazy Yiuf
             ... wielding a +3,+2 quarterstaff of chaos
              (3 damage)
             ... on Level 3 of the Dungeon on Dec 5, 2013.
             The game lasted 01:58:27 (8750 turns).

Antunes the Sneak (Human Assassin)                  Turns: 8750, Time: 01:58:29

HP  -1/94        AC 13     Str 18      XL: 9   Next:  7%
MP  14/14        EV 14     Int 14      God:
Gold 608         SH  0     Dex 14      Spells:  0 memorised, 10 levels left

Res.Fire  : . . .   See Invis. : .   w - +1,+0 dwarf war axe
Res.Cold  : . . .   Warding    : .   e - +0 elf leather armour
Life Prot.: . . .   Conserve   : .   (no shield)
Res.Poison: .       Res.Corr.  : .   (no helmet)
Res.Elec. : .       Clarity    : .   d - +2 cloak
Sust.Abil.: . .     Spirit.Shd : .   l - +0 pair of gauntlets
Res.Mut.  : .       Stasis     : .   (no boots)
Res.Rott. : .       Flight     : .   p - amulet of rage
Saprovore : . . .                    O - +3 ring of protection
                                     L - +3 ring of protection

@: berserking, mildly poisoned, slowed, slightly resistant to hostile
enchantments, extremely unstealthy
A: no striking features
a: Evoke Berserk Rage


You were on level 3 of the Dungeon.
You were not hungry.

You visited 2 branches of the dungeon, and saw 9 of its levels.

You collected 558 gold pieces.

Inventory:

Hand weapons
 a - a +3,+3 dagger {=f}
 b - a +0 blowgun
 c - a +0,+0 bow
 o - a +3,+1 orcish dagger
 q - a +3,+1 elven sabre of venom
 r - a +1,+0 elven dagger
 s - a +0,+0 sling
 t - a +0,+0 dagger
 w - a +1,+0 dwarven war axe (weapon)
Missiles
 f - 2 curare-tipped needles
 k - 40 darts (quivered)
 v - 58 arrows
 A - 3 poisoned darts
 K - 26 sling bullets
 U - 17 poisoned sling bullets
 X - 35 poisoned needles
Armour
 d - a +2 cloak (worn)
 e - a +0 elven leather armour (worn)
 l - a +0 pair of gauntlets (worn)
 C - a +1 leather armour
 D - a +0 orcish robe of magic resistance
Magical devices
 H - a wand of paralysis (18)
 V - a wand of frost (4)
 W - a wand of slowing (14)
Comestibles
 i - 8 bread rations
 u - a chunk of worm flesh {@w1}
 Q - 6 strawberries
Scrolls
 g - a scroll of enchant armour
 h - 3 scrolls of enchant weapon I
 x - 4 scrolls of remove curse
 y - a scroll of amnesia
 J - a scroll of fear
 M - a scroll of enchant weapon II
 N - 5 scrolls of teleportation
 R - 3 scrolls of fog
 S - a scroll of identify
Jewellery
 p - an amulet of rage (around neck)
 z - an uncursed ring of magical power
 B - an uncursed ring of flight
 L - a +3 ring of protection (left hand)
 O - a +3 ring of protection (right hand)
Potions
 m - 2 potions of heal wounds
 n - 2 potions of agility
 F - 2 potions of confusion {unknown}
 G - a potion of speed
 P - a potion of flight
 T - a potion of curing
Miscellaneous
 j - a plain deck of defence


   Skills:
 * Level 4.3 Fighting
 * Level 3.8 Short Blades
 + Level 0.8 Axes
 + Level 3.6 Throwing
 + Level 3.0 Armour
 + Level 5.0 Dodging
 * Level 6.2 Stealth
 * Level 1.4 Spellcasting
 * Level 4.0 Evocations


You had 10 spell levels left.
You didn't know any spells.

Dungeon Overview and Level Annotations

Branches:
Dungeon (8/27)             Temple (1/1) D:6
    Orc: D:6-11        Lair: D:8-13

Altars:
Ashenzari
Cheibriados
Elyvilon
Fedhas
Kikubaaqudgha
Makhleb
Nemelex Xobeh
Okawaru
Sif Muna
Vehumet
Yredelemnul
Zin
the Shining One

Shops:
D:4 (}?

Annotations:
D:3 Crazy Yiuf
D:4 Menkaure
D:5 Fv001's ghost, experienced DrCj
D:6 exclusions: downstairs and upstairs


Message History

Crazy Yiuf yells, "East!"
Crazy Yiuf misses you.
You hit Crazy Yiuf.
Crazy Yiuf is heavily wounded.
Crazy Yiuf completely misses you. Crazy Yiuf barely misses you.
You closely miss Crazy Yiuf.
Crazy Yiuf is heavily wounded.
Crazy Yiuf hits you but does no damage. Space bends around you.
Crazy Yiuf hits you with a quarterstaff of chaos.
You suddenly lose the ability to move!
Crazy Yiuf hits you with a quarterstaff of chaos.
A red film seems to cover your vision as you go berserk!
You feel yourself moving faster!
You feel mighty!
Crazy Yiuf hits you with a quarterstaff of chaos!
* * * LOW HITPOINT WARNING * * *
You are electrocuted!
* * * LOW HITPOINT WARNING * * *
Crazy Yiuf hits you with a quarterstaff of chaos.
* * * LOW HITPOINT WARNING * * *
Crazy Yiuf hits you but does no damage.
Crazy Yiuf hits you with a quarterstaff of chaos!
* * * LOW HITPOINT WARNING * * *
You are poisoned.
* * * LOW HITPOINT WARNING * * *
You feel sick. Crazy Yiuf hits you but does no damage.
Level annotation: Crazy Yiuf Welcome back, Antunes the Human Assassin.
Crazy Yiuf hits you but does no damage.
You feel as though you will be slow longer.
You can move again.
You are too berserk!
You slash Crazy Yiuf!
Crazy Yiuf is almost dead.
Crazy Yiuf screams, "Mountain seventy song!"
Crazy Yiuf hits you with a quarterstaff of chaos!
* * * LOW HITPOINT WARNING * * *
Crazy Yiuf freezes you.
You die...

.#.............#...#.#####
.#######......)###.#.# .#
#.)...........# .#
###########.### .## #.#
..# #.# ..##### #######.#
......# #.......######
......# #....@g......##
......# #.......###...#
####### #......###....# #
#######'####....# #
#.......# ♣♣fgfP♣♣ ######
#....#### ♣♣.♣f♣♣♣ ##...#
#....# ♣♣♣.♣♣♣ ##..)#
###'######♣♣.♣♣♣♣ ##
##...# #......#♣♣♣.♣♣ #.


You could see Crazy Yiuf.

Vanquished Creatures
  A spriggan (D:7)
  A black bear (D:8)
  A phantom (D:6)
  An ogre (D:8)
  A centaur (D:6)
  4 crimson imps
  A giant frog zombie (D:5)
  5 hounds
  A centaur zombie (D:7)
  3 iguanas
  4 orc wizards
  6 worker ants
  Ijyb (D:7)
  11 adders
  An inept item mimic (D:4)
  3 worms
  3 giant geckos
  18 orcs
  A ball python (D:3)
  10 bats
  4 giant cockroaches
  9 hobgoblins
  3 jackals (D:4)
  12 kobolds
  3 quokkas
  7 giant newts
  13 goblins
  A hobgoblin skeleton (D:4)
  A kobold zombie (D:5)
  2 orc skeletons
  4 rats
  A fungus (D:3)
137 creatures vanquished.

Vanquished Creatures (others)
  A jackal (D:4)
  A quokka (D:4)
2 creatures vanquished.

Grand Total: 139 creatures vanquished

Notes
Turn   | Place    | Note
--------------------------------------------------------------
     0 | D:1      | Antunes, the Human Assassin, began the quest for the Orb.
     0 | D:1      | Reached XP level 1. HP: 15/15 MP: 0/0
    90 | D:1      | Found a sparkling altar of Nemelex Xobeh.
   228 | D:1      | Reached XP level 2. HP: 21/21 MP: 1/1
   940 | D:2      | Reached XP level 3. HP: 26/26 MP: 2/2
  1278 | D:3      | Reached skill level 1 in Evocations
  1278 | D:3      | Reached XP level 4. HP: 33/33 MP: 3/3
  1704 | D:4      | Found Ybbimuc's Antique Weapon Boutique.
  1837 | D:4      | Reached XP level 5. HP: 18/38 MP: 3/5
  2022 | D:5      | Entered Level 5 of the Dungeon
  2037 | D:5      | Noticed a phantom
  2108 | D:4      | Found a white marble altar of Elyvilon.
  2570 | D:3      | Reached skill level 2 in Dodging
  2965 | D:3      | Reached skill level 2 in Evocations
  3458 | D:5      | Reached skill level 3 in Throwing
  3458 | D:5      | Reached XP level 6. HP: 37/45 MP: 7/7
  3510 | D:5      | Reached skill level 1 in Armour
  3510 | D:5      | Reached skill level 5 in Stealth
  3815 | D:5      | Reached skill level 3 in Fighting
  4061 | D:5      | Noticed Fv001's ghost (experienced DrCj)
  4445 | D:6      | Reached XP level 7. HP: 45/50 MP: 9/9
  4907 | D:7      | Noticed Ijyb
  4924 | D:7      | Killed Ijyb
  4953 | D:7      | Reached skill level 2 in Armour
  4953 | D:7      | Reached skill level 3 in Dodging
  5019 | D:7      | Noticed a spriggan baker
  5055 | D:7      | Killed a spriggan baker
  5055 | D:7      | Reached skill level 3 in Short Blades
  5055 | D:7      | Reached skill level 3 in Evocations
  5286 | D:7      | Found a glowing silver altar of Zin.
  5301 | D:7      | Reached XP level 8. HP: 57/57 MP: 11/11
  5702 | D:8      | Reached skill level 4 in Dodging
  6309 | D:6      | Reached skill level 3 in Armour
  6575 | D:6      | Reached skill level 1 in Spellcasting
  6645 | D:6      | Found a staircase to the Ecumenical Temple.
  6651 | Temple   | Entered the Ecumenical Temple
  6805 | D:5      | Reached skill level 4 in Fighting
  7280 | D:4      | Found Otzouru's Gadget Emporium.
  7301 | D:4      | Found Grozuvienu's Magic Scroll Boutique.
  7346 | D:4      | Noticed Menkaure
  7621 | D:4      | Reached skill level 6 in Stealth
  7753 | D:4      | Reached skill level 4 in Evocations
  7916 | D:4      | Reached XP level 9. HP: 63/63 MP: 14/14
  8633 | D:3      | Reached skill level 5 in Dodging
  8724 | D:3      | Noticed Crazy Yiuf
  8744 | D:3      | Paralysed by Crazy Yiuf for 7 turns
  8750 | D:3      | HP: 2/94 [Crazy Yiuf/quarterstaff of chaos (12)]
  8750 | D:3      | Slain by Crazy Yiuf

Action                   |  1- 3 |  4- 6 |  7- 9 || total
-------------------------+-------+-------+-------++-------
Melee: Dagger            |    86 |   262 |   139 ||   487
       Sabre             |       |       |   118 ||   118
       War axe           |       |       |   171 ||   171
 Fire: Blowgun           |       |    49 |    30 ||    79
Throw: Stone             |     7 |       |       ||     7
       Dart              |     1 |    25 |    21 ||    47
Evoke: Wand              |       |     1 |     4 ||     5
  Use: Scroll            |     1 |    15 |    10 ||    26
       Potion            |       |     1 |     3 ||     4
 Stab: Sleeping          |     3 |     2 |     6 ||    11
       Paralysed         |       |       |     1 ||     1

Table legend:
 A = Turns spent in this place as a percentage of turns spent in the entire game.
 B = Non-inter-level travel turns spent in this place as a percentage of non-inter-level travel turns spent in the entire game.
 C = Inter-level travel turns spent in this place as a percentage of turns spent in this place.
 D = Turns resting spent in this place as a percentage of non-inter-level travel turns spent in this place.
 E = Turns spent auto-exploring this place as a percentage of non-inter-level travel turns spent in this place.
 F = Non-inter-level travel turns spent in this place divided by the number of levels of this place that you've seen.
                   A       B       C       D       E      F
               +-------+-------+-------+-------+-------+----------------------
         Total | 100.0 | 100.0 |   0.0 |   1.8 |   0.3 | 653.1
       Dungeon |  99.1 |  99.1 |   0.0 |   1.8 |   0.2 | 728.2
        Temple |   0.9 |   0.9 |   0.0 |   0.0 |   1.9 |  52.0
               +-------+-------+-------+-------+-------+----------------------

Table legend:
 A = Kills in this place as a percentage of kills in entire the game.
 B = Kills by you in this place as a percentage of kills by you in the entire game.
 C = Kills by friends in this place as a percentage of kills by friends in the entire game.
 D = Other kills in this place as a percentage of other kills in the entire game.
 E = Experience gained in this place as a percentage of experience gained in the entire game.
 F = Experience gained in this place divided by the number of levels of this place that you have seen.
                   A       B       C       D       E      F
               +-------+-------+-------+-------+-------+----------------------
         Total | 100.0 | 100.0 |  -nan |  -nan | 100.0 | 236.9
       Dungeon | 100.0 | 100.0 |  -nan |  -nan | 100.0 | 266.5
               +-------+-------+-------+-------+-------+----------------------

Vault maps used:
D:1:      eino_entry_tree_alley, st_stairs_6, nemelex_deck
D:3:      uniq_crazy_yiuf_cottage
D:4:      serial_shops, shop_coins, shop, shop, elyvilon_altar_4, uniq_menkaure
D:5:      first_bread
D:6:      gammafunk_temple_overflow_pools, minmay_temple_entry_glassed_door
D:7:      minmay_staircase_bubble, the_bakery, basic_altar, uniq_iyjb
D:8:      serial_shops, shop, small_statue_intersection
Temple:   circular_temple_13

Action                   |  1- 3 |  4- 6 |  7- 9 || total
-------------------------+-------+-------+-------++-------
Melee: Dagger            |    86 |   262 |   139 ||   487
       Sabre             |       |       |   118 ||   118
       War axe           |       |       |   171 ||   171
 Fire: Blowgun           |       |    49 |    30 ||    79
Throw: Stone             |     7 |       |       ||     7
       Dart              |     1 |    25 |    21 ||    47
Evoke: Wand              |       |     1 |     4 ||     5
  Use: Scroll            |     1 |    15 |    10 ||    26
       Potion            |       |     1 |     3 ||     4
 Stab: Sleeping          |     3 |     2 |     6 ||    11
       Paralysed         |       |       |     1 ||     1
Dungeon Crawl Stone Soup version 0.13.1-2-gfb2c2b7 (webtiles) character file. 2100 Antunes the Sneak (level 9, -1/94 HPs) Began as a Human Assassin on Dec 4, 2013. Slain by Crazy Yiuf ... wielding a +3,+2 quarterstaff of chaos (3 damage) ... on Level 3 of the Dungeon on Dec 5, 2013. The game lasted 01:58:27 (8750 turns). Antunes the Sneak (Human Assassin) Turns: 8750, Time: 01:58:29 HP -1/94 AC 13 Str 18 XL: 9 Next: 7% MP 14/14 EV 14 Int 14 God: Gold 608 SH 0 Dex 14 Spells: 0 memorised, 10 levels left Res.Fire : . . . See Invis. : . w - +1,+0 dwarf war axe Res.Cold : . . . Warding : . e - +0 elf leather armour Life Prot.: . . . Conserve : . (no shield) Res.Poison: . Res.Corr. : . (no helmet) Res.Elec. : . Clarity : . d - +2 cloak Sust.Abil.: . . Spirit.Shd : . l - +0 pair of gauntlets Res.Mut. : . Stasis : . (no boots) Res.Rott. : . Flight : . p - amulet of rage Saprovore : . . . O - +3 ring of protection L - +3 ring of protection @: berserking, mildly poisoned, slowed, slightly resistant to hostile enchantments, extremely unstealthy A: no striking features a: Evoke Berserk Rage You were on level 3 of the Dungeon. You were not hungry. You visited 2 branches of the dungeon, and saw 9 of its levels. You collected 558 gold pieces. Dungeon Overview and Level Annotations Branches: Dungeon (8/27) Temple (1/1) D:6 Orc: D:6-11 Lair: D:8-13 Altars: Ashenzari Cheibriados Elyvilon Fedhas Kikubaaqudgha Makhleb Nemelex Xobeh Okawaru Sif Muna Vehumet Yredelemnul Zin the Shining One Shops: D:4 (}? Annotations: D:3 Crazy Yiuf D:4 Menkaure D:5 Fv001's ghost, experienced DrCj D:6 exclusions: downstairs and upstairs Skills: * Level 4.3 Fighting * Level 3.8 Short Blades + Level 0.8 Axes + Level 3.6 Throwing + Level 3.0 Armour + Level 5.0 Dodging * Level 6.2 Stealth * Level 1.4 Spellcasting * Level 4.0 Evocations You had 10 spell levels left. You didn't know any spells. Inventory: Hand weapons a - a +3,+3 dagger {=f} b - a +0 blowgun c - a +0,+0 bow o - a +3,+1 orcish dagger q - a +3,+1 elven sabre of venom r - a +1,+0 elven dagger s - a +0,+0 sling t - a +0,+0 dagger w - a +1,+0 dwarven war axe (weapon) Missiles f - 2 curare-tipped needles k - 40 darts (quivered) v - 58 arrows A - 3 poisoned darts K - 26 sling bullets U - 17 poisoned sling bullets X - 35 poisoned needles Armour d - a +2 cloak (worn) e - a +0 elven leather armour (worn) l - a +0 pair of gauntlets (worn) C - a +1 leather armour D - a +0 orcish robe of magic resistance Magical devices H - a wand of paralysis (18) V - a wand of frost (4) W - a wand of slowing (14) Comestibles i - 8 bread rations u - a chunk of worm flesh {@w1} Q - 6 strawberries Scrolls g - a scroll of enchant armour h - 3 scrolls of enchant weapon I x - 4 scrolls of remove curse y - a scroll of amnesia J - a scroll of fear M - a scroll of enchant weapon II N - 5 scrolls of teleportation R - 3 scrolls of fog S - a scroll of identify Jewellery p - an amulet of rage (around neck) z - an uncursed ring of magical power B - an uncursed ring of flight L - a +3 ring of protection (left hand) O - a +3 ring of protection (right hand) Potions m - 2 potions of heal wounds n - 2 potions of agility F - 2 potions of confusion {unknown} G - a potion of speed P - a potion of flight T - a potion of curing Miscellaneous j - a plain deck of defence Message History Crazy Yiuf yells, "East!" Crazy Yiuf misses you. You hit Crazy Yiuf. Crazy Yiuf is heavily wounded. Crazy Yiuf completely misses you. Crazy Yiuf barely misses you. You closely miss Crazy Yiuf. Crazy Yiuf is heavily wounded. Crazy Yiuf hits you but does no damage. Space bends around you. Crazy Yiuf hits you with a quarterstaff of chaos. You suddenly lose the ability to move! Crazy Yiuf hits you with a quarterstaff of chaos. A red film seems to cover your vision as you go berserk! You feel yourself moving faster! You feel mighty! Crazy Yiuf hits you with a quarterstaff of chaos! * * * LOW HITPOINT WARNING * * * You are electrocuted! * * * LOW HITPOINT WARNING * * * Crazy Yiuf hits you with a quarterstaff of chaos. * * * LOW HITPOINT WARNING * * * Crazy Yiuf hits you but does no damage. Crazy Yiuf hits you with a quarterstaff of chaos! * * * LOW HITPOINT WARNING * * * You are poisoned. * * * LOW HITPOINT WARNING * * * You feel sick. Crazy Yiuf hits you but does no damage. Level annotation: Crazy Yiuf Welcome back, Antunes the Human Assassin. Crazy Yiuf hits you but does no damage. You feel as though you will be slow longer. You can move again. You are too berserk! You slash Crazy Yiuf! Crazy Yiuf is almost dead. Crazy Yiuf screams, "Mountain seventy song!" Crazy Yiuf hits you with a quarterstaff of chaos! * * * LOW HITPOINT WARNING * * * Crazy Yiuf freezes you. You die... .#.............#...#.##### .#######......)###.#.# .# #.)...........# .# ###########.### .## #.# ..# #.# ..##### #######.# ......# #.......###### ......# #....@g......## ......# #.......###...# ####### #......###....# # #######'####....# # #.......# ♣♣fgfP♣♣ ###### #....#### ♣♣.♣f♣♣♣ ##...# #....# ♣♣♣.♣♣♣ ##..)# ###'######♣♣.♣♣♣♣ ## ##...# #......#♣♣♣.♣♣ #. You could see Crazy Yiuf.

Vanquished Creatures
  A spriggan (D:7)
  A black bear (D:8)
  A phantom (D:6)
  An ogre (D:8)
  A centaur (D:6)
  4 crimson imps
  A giant frog zombie (D:5)
  5 hounds
  A centaur zombie (D:7)
  3 iguanas
  4 orc wizards
  6 worker ants
  Ijyb (D:7)
  11 adders
  An inept item mimic (D:4)
  3 worms
  3 giant geckos
  18 orcs
  A ball python (D:3)
  10 bats
  4 giant cockroaches
  9 hobgoblins
  3 jackals (D:4)
  12 kobolds
  3 quokkas
  7 giant newts
  13 goblins
  A hobgoblin skeleton (D:4)
  A kobold zombie (D:5)
  2 orc skeletons
  4 rats
  A fungus (D:3)
137 creatures vanquished.

Vanquished Creatures (others)
  A jackal (D:4)
  A quokka (D:4)
2 creatures vanquished. Grand Total:
139 creatures vanquished Notes Turn | Place | Note -------------------------------------------------------------- 0 | D:1 | Antunes, the Human Assassin, began the quest for the Orb. 0 | D:1 | Reached XP level 1. HP: 15/15 MP: 0/0 90 | D:1 | Found a sparkling altar of Nemelex Xobeh. 228 | D:1 | Reached XP level 2. HP: 21/21 MP: 1/1 940 | D:2 | Reached XP level 3. HP: 26/26 MP: 2/2 1278 | D:3 | Reached skill level 1 in Evocations 1278 | D:3 | Reached XP level 4. HP: 33/33 MP: 3/3 1704 | D:4 | Found Ybbimuc's Antique Weapon Boutique. 1837 | D:4 | Reached XP level 5. HP: 18/38 MP: 3/5 2022 | D:5 | Entered Level 5 of the Dungeon 2037 | D:5 | Noticed a phantom 2108 | D:4 | Found a white marble altar of Elyvilon. 2570 | D:3 | Reached skill level 2 in Dodging 2965 | D:3 | Reached skill level 2 in Evocations 3458 | D:5 | Reached skill level 3 in Throwing 3458 | D:5 | Reached XP level 6. HP: 37/45 MP: 7/7 3510 | D:5 | Reached skill level 1 in Armour 3510 | D:5 | Reached skill level 5 in Stealth 3815 | D:5 | Reached skill level 3 in Fighting 4061 | D:5 | Noticed Fv001's ghost (experienced DrCj) 4445 | D:6 | Reached XP level 7. HP: 45/50 MP: 9/9 4907 | D:7 | Noticed Ijyb 4924 | D:7 | Killed Ijyb 4953 | D:7 | Reached skill level 2 in Armour 4953 | D:7 | Reached skill level 3 in Dodging 5019 | D:7 | Noticed a spriggan baker 5055 | D:7 | Killed a spriggan baker 5055 | D:7 | Reached skill level 3 in Short Blades 5055 | D:7 | Reached skill level 3 in Evocations 5286 | D:7 | Found a glowing silver altar of Zin. 5301 | D:7 | Reached XP level 8. HP: 57/57 MP: 11/11 5702 | D:8 | Reached skill level 4 in Dodging 6309 | D:6 | Reached skill level 3 in Armour 6575 | D:6 | Reached skill level 1 in Spellcasting 6645 | D:6 | Found a staircase to the Ecumenical Temple. 6651 | Temple | Entered the Ecumenical Temple 6805 | D:5 | Reached skill level 4 in Fighting 7280 | D:4 | Found Otzouru's Gadget Emporium. 7301 | D:4 | Found Grozuvienu's Magic Scroll Boutique. 7346 | D:4 | Noticed Menkaure 7621 | D:4 | Reached skill level 6 in Stealth 7753 | D:4 | Reached skill level 4 in Evocations 7916 | D:4 | Reached XP level 9. HP: 63/63 MP: 14/14 8633 | D:3 | Reached skill level 5 in Dodging 8724 | D:3 | Noticed Crazy Yiuf 8744 | D:3 | Paralysed by Crazy Yiuf for 7 turns 8750 | D:3 | HP: 2/94 [Crazy Yiuf/quarterstaff of chaos (12)] 8750 | D:3 | Slain by Crazy Yiuf
